 Dungeon Crawl Stone Soup version 0.31.0-9-g3a7656b989 (webtiles) character file.

Game seed: 13920543142724792805

5899 Peloso the Carver (level 10, 0/90 HPs)
             Began as a Minotaur Fighter on Jan 30, 2024.
             Was a Priest of Okawaru.
             Slain by a vampire
             ... wielding a +2 vampiric halberd
              (10 damage)
             ... in a bailey.
             The game lasted 00:45:18 (8745 turns).

Peloso the Carver (Minotaur Fighter)                Turns: 8745, Time: 00:45:21

Health: 0/90       AC: 20    Str: 21    XL:     10   Next: 53%
Magic:  9/9        EV:  9    Int:  5    God:    Okawaru [***...]
Gold:   460        SH: 16    Dex: 14    Spells: 9/9 levels left

rFire   . . .        a - +1 long sword
rCold   . . .        d - +0 tower shield
rNeg    . . .        I - +8 scale mail "Fasmis" {SInv}
rPois   .            (helmet restricted)
rElec   .            (no cloak)
rCorr   .            (no gloves)
SInv    +            (no boots)
Will    +....        (no amulet) Stlth
                     l - ring of willpower
HPRegen 0.35/turn    H - +4 ring of protection
MPRegen 0.11/turn

%: no passive effects
@: no status effects
A: horns 2, retaliatory headbutt
a: Renounce Religion, Heroism


You were in a bailey.
You worshipped Okawaru.
Okawaru was most pleased with you.
You visited 2 branches of the dungeon, and saw 10 of its levels.
You also visited: Ossuary and Bailey.

You collected 460 gold pieces.

Inventory:

Hand Weapons
 a - a +1 long sword (weapon)
Missiles
 k - 4 throwing nets (quivered)
Armour
 b - a +0 scale mail
 c - a +0 plate armour
 d - a +0 tower shield (worn)
 I - the +8 scale mail "Fasmis" (worn) {SInv}
   (You found it on level 8 of the Dungeon)

   SInv:      It lets you see invisible.
Jewellery
 l - a ring of willpower (left hand)
 s - a ring of resist corrosion
 C - a ring of see invisible
 H - a +4 ring of protection (right hand)
Wands
 D - a wand of acid (4)
 E - a wand of flame (28)
 F - a wand of paralysis (9)
Scrolls
 f - a scroll of vulnerability
 g - 2 scrolls of enchant armour
 h - 2 scrolls of poison
 j - a scroll of fog
 p - 2 scrolls of brand weapon
 r - a scroll of summoning
 t - 2 scrolls of teleportation
 w - a scroll of immolation
 x - 2 scrolls of blinking
 y - a scroll of enchant weapon
Potions
 e - 2 potions of enlightenment
 i - a potion of mutation
 m - 3 potions of might
 n - a potion of invisibility
 o - a potion of degeneration {unknown}
 q - a potion of resistance
 u - 7 potions of curing
 v - 2 potions of brilliance
 z - a potion of ambrosia {unknown}
 A - a potion of cancellation {unknown}
 B - 3 potions of haste {unknown}
 G - a potion of attraction


   Skills:
 + Level 8.4 Fighting
 + Level 11.4 Long Blades
 + Level 9.9 Armour
 + Level 3.5 Dodging
 + Level 0.5 Stealth
 + Level 9.4 Shields
 + Level 0.3 Evocations


You had 9 spell levels left.
You didn't know any spells.
Your spell library contained the following spells:

 Spells                   Type           Power      Damage    Failure   Level
 Apportation              Tloc           0%         N/A       99%         1
 Jinxbite                 Hex            0%         N/A       100%        2
 Hailstorm                Conj/Ice       0%         3d5       100%        3
 Alistair's Intoxication  Alch           0%         N/A       100%        5
 Summon Ice Beast         Ice/Summ       Unusable   N/A       N/A         3
 Sculpt Simulacrum        Ice/Alch       Unusable   N/A       N/A         6

Dungeon Overview and Level Annotations

Branches:
Dungeon (9/15)             Temple (1/1) D:5         Ossuary (visited)
 Bailey (1/1)
   Lair: D:8-11         Orc: D:9-12

Altars:
Ashenzari
Cheibriados
Dithmenos
Elyvilon
Fedhas
Gozag
Hepliaklqana
Kikubaaqudgha
Makhleb
Nemelex Xobeh
Okawaru
Qazlal
Ru
Sif Muna
Trog
Uskayaw
Vehumet
Wu Jian
Xom
Yredelemnul
Zin
The Shining One

Annotations:
D:5 2 transporters


Innate Abilities, Weirdness & Mutations

You have a pair of horns on your head.
You reflexively headbutt those who attack you in melee.


Message History

The vampire is severely damaged.
The vampire draws life force from you!
The vampire is healed by the life force!
You hit the vampire but do no damage.
The vampire is heavily damaged.
The vampire draws life force from you!
The vampire is healed by the life force!
You hit the vampire.
The vampire is moderately damaged.
The vampire hits you with a +2 vampiric halberd.
You block the vampire's attack.
You hit the vampire but do no damage.
The vampire is moderately damaged.
The vampire gestures at you while chanting.
You resist with almost no effort.
You slash the vampire!
The vampire is heavily damaged.
The vampire hits you with a +2 vampiric halberd.
The vampire draws strength from your wounds!
You block the vampire's attack.
You closely miss the vampire.
The vampire is heavily damaged.
The vampire hits you but does no damage.
The vampire bites you but does no damage.
You hit the vampire.
The vampire is heavily damaged.
You block the vampire's attack. x2
You slash the vampire!
The vampire is almost destroyed.
The vampire draws life force from you!
* * * LOW HITPOINT WARNING * * *
The vampire is healed by the life force!
You slash the vampire!
The vampire is almost destroyed.
The vampire hits you with a +2 vampiric halberd!
* * * LOW HITPOINT WARNING * * *
The vampire draws strength from your wounds!
You block the vampire's attack. The vampire barely misses you.
The vampire bites you!
You die...

##### ######....## #
####8.##.....!# #
#####..8#..#.@V#
#+##.......#..'..##
...........#..'..#
..♣........#..#...#
...........#..##.....
♣.♣........#...##...8#
..........##....######
..♣♣.....##......8#
....♣...##...##...#


You could see a vampire (invisible).

Vanquished Creatures
  A two-headed ogre (D:9)
  A gargoyle (Bailey)
  Prince Ribbit (D:5)
  Grinder (D:6)
  4 yaks (D:9)
  Duvessa (D:4)
  An ice beast (D:7)
  2 black bears
  A sky beast (D:6)
  2 ogres
  2 phantoms (D:4)
  2 kobold brigands
  6 bullfrogs
  4 scorpions
  3 wights (D:8)
  Dowan (D:4)
  6 killer bees (D:9)
  3 howler monkeys
  4 bombardier beetles
  5 bullfrog zombies (Ossuary)
  3 hounds
  6 jellies
  6 orc priests
  3 gnoll boudas
  2 iguanas (D:6)
  7 mummies (Ossuary)
  A sleepcap (D:8)
  10 orc wizards
  3 killer bee zombies (Ossuary)
  A crocodile zombie (Ossuary)
  2 hound zombies (Ossuary)
  6 howler monkey zombies (Ossuary)
  9 adders
  17 gnolls
  7 river rats (D:6)
  A shadow imp (D:7)
  2 white imps
  2 ufetubi (D:5)
  2 dart slugs
  35 orcs
  4 ball pythons
  4 endoplasms
  A giant cockroach (D:1)
  8 goblins
  6 hobgoblins
  2 jackals (D:4)
  12 quokkas
  A ball python zombie (Ossuary)
  4 bats
  2 frilled lizards
  7 kobolds
  9 orc zombies (Bailey)
  24 rats
260 creatures vanquished.

Notes
Turn   | Place    | Note
-------+----------+-------------------------------------------
     0 | D:1      | Peloso the Minotaur Fighter began the quest for the Orb.
     0 | D:1      | Reached XP level 1. HP: 19/19 MP: 0/0
   102 | D:1      | Reached XP level 2. HP: 27/27 MP: 1/1
   667 | D:2      | Found a basalt altar of Yredelemnul.
   706 | D:2      | Reached XP level 3. HP: 33/33 MP: 2/2
  1004 | D:2      | Reached skill level 3 in Long Blades
  1456 | D:2      | Reached XP level 4. HP: 39/40 MP: 3/3
  2020 | D:3      | Reached skill level 4 in Long Blades
  2020 | D:3      | Reached skill level 5 in Armour
  2020 | D:3      | Reached XP level 5. HP: 17/46 MP: 4/4
  2383 | D:4      | Noticed a phantom
  2391 | D:4      | Killed a phantom
  2451 | D:4      | Noticed a black bear
  2458 | D:4      | Killed a black bear
  2459 | D:4      | Reached skill level 5 in Long Blades
  2459 | D:4      | Reached XP level 6. HP: 37/53 MP: 5/5
  2542 | D:4      | Reached skill level 6 in Long Blades
  2558 | D:4      | Reached skill level 5 in Fighting
  2558 | D:4      | Reached XP level 7. HP: 40/61 MP: 6/6
  2655 | D:4      | Found a sand-covered staircase.
  2659 | Ossuary  | Entered an ossuary
  2796 | Ossuary  | Reached skill level 5 in Shields
  2845 | Ossuary  | Reached skill level 7 in Long Blades
  3079 | Ossuary  | Reached XP level 8. HP: 70/70 MP: 7/7
  3152 | Ossuary  | Reached skill level 8 in Long Blades
  3555 | D:4      | Noticed Duvessa
  3555 | D:4      | Noticed Dowan
  3566 | D:4      | Killed Duvessa
  3567 | D:4      | Reached skill level 1 in Dodging
  3569 | D:4      | Killed Dowan
  3778 | D:4      | Found a hazy altar of Hepliaklqana.
  4437 | D:5      | Entered Level 5 of the Dungeon
  4492 | D:5      | Found a transporter.
  4554 | D:5      | Found an ornate altar of the Wu Jian Council.
  4706 | D:5      | Found a staircase to the Ecumenical Temple.
  4735 | Temple   | Entered the Ecumenical Temple
  4747 | Temple   | Became a worshipper of Warmaster Okawaru
  4770 | D:5      | Found a blossoming altar of Fedhas.
  4787 | D:5      | Found a hide-covered altar of Uskayaw.
  4793 | D:5      | Reached skill level 9 in Long Blades
  4978 | D:5      | Found a transporter.
  5156 | D:5      | Reached XP level 9. HP: 72/78 MP: 8/8
  5279 | D:6      | Noticed Grinder
  5280 | D:6      | Paralysed by Grinder for 3 turns
  5281 | D:6      | Noticed Prince Ribbit
  5431 | D:5      | Killed Prince Ribbit
  5431 | D:5      | Reached * piety under Okawaru
  5432 | D:5      | Reached skill level 10 in Long Blades
  5541 | D:6      | Killed Grinder
  5832 | D:6      | Found a basalt altar of Yredelemnul.
  5873 | D:6      | Found a radiant altar of Vehumet.
  6208 | D:6      | Found a shimmering blue altar of Sif Muna.
  6393 | D:7      | Found a broken altar of Ashenzari.
  6855 | D:7      | Found a glowing golden altar of the Shining One.
  6856 | D:7      | Found a glowing silver altar of Zin.
  6857 | D:7      | Found a white marble altar of Elyvilon.
  6923 | D:7      | Found a sparkling altar of Nemelex Xobeh.
  7225 | D:8      | Identified the +8 scale mail "Fasmis" {SInv}
  7474 | D:8      | Reached ** piety under Okawaru
  7774 | D:8      | Found a sacrificial altar of Ru.
  7800 | D:8      | Reached XP level 10. HP: 85/86 MP: 9/9
  8293 | D:9      | Reached skill level 11 in Long Blades
  8397 | D:9      | Reached *** piety under Okawaru
  8467 | D:9      | Found a flagged portal.
  8470 | D:9      | Noticed a two-headed ogre
  8475 | D:9      | Killed a two-headed ogre
  8513 | D:9      | Noticed a two-headed ogre
  8515 | Bailey   | Entered a bailey
  8687 | Bailey   | Noticed a gargoyle
  8693 | Bailey   | Killed a gargoyle
  8745 | Bailey   | Slain by a vampire

Illustrated notes

Levels and vault maps discovered:
D:1:      psy_arrival_spokes, layout_loops_ring
D:2:      minmay_wonky_spiral, layout_loops_corners, basic_altar
D:3:      layout_basic
D:4:      layout_loops_ring, lemuel_tele_altar, enter_ossuary_5,
          chequers_arboretum, minmay_misc_feat_x, uniq_duvessa
D:5:      gammafunk_cloud_chamber, layout_rooms, mainiacjoe_overflow_alcove_1,
          nicolae_overflow_crystal_walls, old_standard_altar,
          minmay_temple_entry_grid
D:6:      lemuel_ratsnest, layout_basic, lemuel_blue_sif_altar,
          mainiacjoe_overflow_large_starburst, uniq_prince_ribbit1, uniq_grinder
D:7:      nicolae_BIG_FREAKIN_CUBE, layout_basic, good_gods_temple_1,
          mainiacjoe_overflow_brackets, ashenzari_altar_1
D:8:      layout_loops_corners, mainiacjoe_overflow_six_doors_small,
          minivault_25
D:9:      layout_basic, enter_bailey_6, uniq_maggie
Temple:   dpeg_three_leaves_temple
Bailey:   bailey_polearm_vampire_castle_hellmonk, bailey

Skill      XL: |  1  2  3  4  5  6  7  8  9 10 |
---------------+-------------------------------+-----
Armour         | 4 5 6 8 9 |  9.9
Fighting       | 4 5 6 7 8 |  8.4
Shields        | 4 5 8 9 |  9.4
Long Blades    | 3 4 5 6 7 9 10 11 | 11.4
Dodging        | 1 2 3 |  3.5
Stealth        | |  0.5
Evocations     | |  0.3

Action                     |  1- 3 |  4- 6 |  7- 9 | 10-12 || total
---------------------------+-------+-------+-------+-------++-------
  Melee: Long sword        |    78 |   117 |   529 |   142 ||   866
         Headbutt          |     6 |    14 |   104 |    29 ||   153
 Invoke: Heroism           |       |       |       |     2 ||     2
  Evoke: Wand              |       |       |       |     4 ||     4
    Use: Potion            |     5 |       |     2 |     1 ||     8
         Scroll            |     1 |     7 |     6 |     1 ||    15
 Armour: Scale mail        |    57 |    13 |    30 |    61 ||   161
         Plate armour      |       |    98 |   353 |       ||   451
  Dodge: Dodged            |    41 |    33 |    93 |    38 ||   205
  Block: Buckler           |    20 |    37 |    63 |       ||   120
         Tower shield      |       |       |   238 |   116 ||   354
